 Seeded DCSS version 0.29.1-2-gbd0b4ee654 (webtiles) character file.

Game seed: 3311 (custom seed)

2121 Ashen the Chiller (level 9, -6/67 HPs)
             Began as a Demonspawn Ice Elementalist on Oct 27, 2022.
             Was a Believer of Vehumet.
             Mangled by Joseph
             ... wielding a +0 quarterstaff
              (11 damage)
             ... on level 8 of the Dungeon on Oct 28, 2022.
             The game lasted 00:20:43 (11154 turns).

Ashen the Chiller (Demonspawn Ice Elementalist)    Turns: 11154, Time: 00:20:44

Health: -6/67      AC: 11    Str:  9    XL:     9   Next: 8%
Magic:  16/16      EV: 13    Int: 21    God:    Vehumet [**....]
Gold:   361        SH:  0    Dex: 13    Spells: 2/17 levels left

rFire   . . .      SeeInvis .   h - +0 short sword (venom)
rCold   . . .      Faith    .   (no shield)
rNeg    . . .      Spirit   .   m - +0 leather armour
rPois   .          Reflect  .   a - +0 helmet
rElec   .          Harm     .   (no cloak)
rCorr   .          Rampage  .   (no gloves)
Will    .....                   (no boots)
Stlth   +++.......              (no amulet)
HPRegen 0.21/turn               (no ring)
MPRegen 0.15/turn               (no ring)

@: ice-armoured, freezing walls
A: powered by pain 1, sturdy frame 2, weakness stinger 2
a: Renounce Religion


You were on level 8 of the Dungeon.
You worshipped Vehumet.
Vehumet was pleased with you.
You visited 1 branch of the dungeon, and saw 8 of its levels.

You collected 361 gold pieces.

Inventory:

Hand Weapons
 h - a +0 short sword of venom (weapon)
Armour
 a - a +0 helmet (worn)
 m - a +0 leather armour (worn)
Scrolls
 d - 4 scrolls of teleportation
 g - a scroll of fear {unknown}
 k - 2 scrolls of noise {unknown}
 l - a scroll of enchant armour {unknown}
 n - 2 scrolls of poison {unknown}
 o - a scroll of immolation {unknown}
 p - a scroll of vulnerability {unknown}
 q - a scroll of blinking {unknown}
Potions
 b - a potion of magic
 c - 3 potions of mutation
 f - a potion of brilliance {unknown}
 i - 2 potions of attraction
 j - 2 potions of resistance {unknown}
 r - a potion of flight {unknown}
 s - a potion of berserk rage {unknown}
 t - a potion of might {unknown}


   Skills:
 + Level 4.8 Fighting
 + Level 4.9 Dodging
 - Level 5.0 Stealth
 + Level 4.9 Spellcasting
 + Level 3.9 Conjurations
 + Level 5.9 Ice Magic


You had 2 spell levels left.
You knew the following spells:

 Your Spells              Type           Power      Damage    Failure   Level
a - Freeze                Ice            100%       1d11      1%          1
b - Frozen Ramparts       Ice            60%        1d10      2%          3
c - Ozocubu's Armour      Ice            30%        N/A       2%          3
d - Hailstorm             Conj/Ice       26%        3d7       14%         4
e - Summon Ice Beast      Ice/Summ       17%        N/A       32%         4

Your spell library contained the following spells:

 Spells                   Type           Power      Damage    Failure   Level
 Magic Dart               Conj           84%        1d7       2%          1
 Blink                    Tloc           10%        N/A       17%         2
 Sublimation of Blood     Necr           5%         N/A       17%         2
 Gell's Gravitas          Tloc           5%         N/A       32%         3
 Lesser Beckoning         Tloc           5%         N/A       32%         3
 Teleport Other           Tloc           5%         N/A       32%         3
 Ice Form                 Ice/Tmut       17%        N/A       32%         4
 Petrify                  Tmut/Erth      5%         N/A       73%         4
 Irradiate                Conj/Tmut      6%         3d13      80%         5
 Manifold Assault         Tloc           5%         N/A       97%         5
 Summon Mana Viper        Hex/Summ       5%         N/A       97%         5
 Dispersal                Tloc           2%         N/A       100%        6
 Monstrous Menagerie      Summ           2%         N/A       100%        7


Dungeon Overview and Level Annotations

Branches:
Dungeon (8/15)             Temple (0/1) D:6
   Lair: D:8-11

Altars:
Ru
Sif Muna
Trog
Vehumet
Wu Jian

Annotations:
D:2 1 runed translucent door, exclusion: door
D:5 exclusion: 2 ice beasts, Dowan, Duvessa
D:6 exclusion: phantom
D:8 Joseph


Innate Abilities, Weirdness & Mutations

You sometimes gain a little power by taking damage.
Your movements are less encumbered by armour. (ER -4)
You have a tail ending in a sharp stinger.


Message History

Joseph is lightly wounded.
The wall freezes Joseph!
Joseph hits you with a +0 quarterstaff.
The wall freezes the orc!
You kill the orc!
Vehumet accepts your kill.
You feel your power returning.
You barely miss Joseph. You tail-slap Joseph.
Joseph is moderately wounded.
The frozen ramparts melt away.
Joseph hits you with a +0 quarterstaff.
You hit Joseph but do no damage.
Joseph is poisoned.
Joseph is moderately wounded.
Joseph hits you with a +0 quarterstaff.
You hit Joseph.
Joseph looks as sick as possible!
Joseph is moderately wounded.
Joseph hits you with a +0 quarterstaff!
* * * LOW HITPOINT WARNING * * *
Joseph hits you with a +0 quarterstaff.
* * * LOW HITPOINT WARNING * * *
You feel better. Joseph barely misses you.
Casting: Ozocubu's Armour (dangerous; 2% risk of failure)
Confirm with . or Enter, or press ? or * to list all spells.
Casting: Frozen Ramparts (dangerous; 2% risk of failure)
Press: ? - help, Dir - look around, f - activate The walls around you are covered in ice.
The wall freezes Joseph but does no damage.
Joseph drinks a potion.
Joseph is healed!
Joseph looks more healthy.
You feel better.
The wall freezes Joseph!
Joseph misses you.
You closely miss Joseph.
Joseph is heavily wounded.
The wall freezes Joseph.
Joseph hits you with a +0 quarterstaff!
* * * LOW HITPOINT WARNING * * *
You focus on the pain.
You feel your power returning.
You hit Joseph.
Joseph is poisoned.
Joseph is heavily wounded.
The wall freezes Joseph.
Joseph hits you with a +0 quarterstaff.
* * * LOW HITPOINT WARNING * * *
You closely miss Joseph. You punch Joseph, but do no damage.
Joseph is heavily wounded.
The wall freezes Joseph.
Joseph hits you with a +0 quarterstaff!
You die...

......
#.........#
#...##....#
#...##....#
#.........#
#......†..#
#.........#
#....)....#
######....#
##'##...##@)..#
........)@..[.#
.........#....#
.........#....#
.........#....#
##.##...##....#
# ##'###....#
.. #....# ...
#....#


You could see Joseph (very poisoned).

Vanquished Creatures
  A wyvern (D:8)
  A water moccasin (D:6)
  A sky beast (D:7)
  3 ogres
  2 centaurs (D:8)
  A kobold brigand (D:8)
  A necrophage (D:5)
  A scorpion (D:7)
  3 killer bees (D:7)
  2 howler monkeys (D:8)
  4 hounds
  2 gnoll boudas
  A jelly (D:4)
  8 orc priests
  2 iguanas
  7 orc wizards
  3 adders
  9 gnolls
  3 shadow imps
  3 worms
  3 dart slugs
  28 orcs
  10 endoplasms
  4 giant cockroaches
  9 hobgoblins
  4 jackals (D:2)
  2 quokkas
  8 ball pythons
  4 bats
  2 frilled lizards
  3 goblins
  A goblin skeleton (D:6)
  A goblin zombie (D:6)
  3 hobgoblin zombies (D:6)
  8 kobolds
  3 kobold skeletons (D:6)
  A kobold zombie (D:6)
  An orc skeleton (D:6)
  5 rats
158 creatures vanquished.

Vanquished Creatures (others)
  An orc wizard (D:7)
1 creature vanquished.

Grand Total: 159 creatures vanquished

Notes
Turn   | Place    | Note
-------+----------+-------------------------------------------
     0 | D:1      | Ashen the Demonspawn Ice Elementalist began the quest for
                  | the Orb.
     0 | D:1      | Reached XP level 1. HP: 13/13 MP: 3/3
   180 | D:1      | Gained mutation: Your movements are slightly less
                  | encumbered by armour. (ER -2) [demonic ancestry]
   180 | D:1      | Reached XP level 2. HP: 14/20 MP: 0/5
  1030 | D:1      | Reached skill level 1 in Fighting
  1358 | D:2      | Gained mutation: Your movements are less encumbered by
                  | armour. (ER -4) [demonic ancestry]
  1358 | D:2      | Reached XP level 3. HP: 26/26 MP: 6/6
  1818 | D:2      | Found a runed translucent door.
  1838 | D:2      | Found a faded altar of an unknown god.
  2796 | D:3      | Found a shimmering blue altar of Sif Muna.
  2988 | D:3      | Found a radiant altar of Vehumet.
  2998 | D:3      | Became a worshipper of Vehumet
  3267 | D:3      | Learned a level 3 spell: Frozen Ramparts
  3316 | D:3      | Reached XP level 4. HP: 11/32 MP: 4/7
  3321 | D:3      | HP: 1/32 [something (4)]
  3396 | D:3      | Reached XP level 5. HP: 34/38 MP: 4/9
  4676 | D:4      | Gained mutation: You sometimes gain a little power by
                  | taking damage. [demonic ancestry]
  4676 | D:4      | Reached XP level 6. HP: 28/46 MP: 3/10
  4914 | D:4      | Learned a level 3 spell: Ozocubu's Armour
  4919 | D:4      | Learned a level 4 spell: Hailstorm
  5515 | D:4      | Reached * piety under Vehumet
  5515 | D:4      | Offered knowledge of Sandblast by Vehumet.
  6096 | D:5      | Entered Level 5 of the Dungeon
  6154 | D:5      | Reached skill level 1 in Conjurations
  6203 | D:5      | Noticed an ice beast
  6251 | D:5      | Reached XP level 7. HP: 52/52 MP: 12/12
  6563 | D:5      | Found an ornate altar of the Wu Jian Council.
  6577 | D:5      | Found a bloodstained altar of Trog.
  7002 | D:5      | Noticed Duvessa
  7002 | D:5      | Noticed Dowan
  7563 | D:6      | Found a staircase to the Ecumenical Temple.
  8028 | D:6      | Reached skill level 5 in Ice Magic
  8590 | D:6      | Gained mutation: You have a small tail. [demonic ancestry]
  8590 | D:6      | Reached XP level 8. HP: 53/60 MP: 7/14
  9106 | D:6      | Learned a level 4 spell: Summon Ice Beast
  9715 | D:7      | Found a sacrificial altar of Ru.
 10609 | D:8      | Reached ** piety under Vehumet
 10609 | D:8      | Offered knowledge of Magic Dart by Vehumet.
 10827 | D:8      | Noticed Joseph
 10894 | D:8      | Reached skill level 5 in Stealth
 11038 | D:8      | Gained mutation: You have a tail ending in a sharp stinger.
                  | [demonic ancestry]
 11038 | D:8      | Reached XP level 9. HP: 29/66 MP: 10/16
 11154 | D:8      | Mangled by Joseph

Illustrated notes

Levels and vault maps discovered:
D:1:      amcnicky_arrival_flooded_fountain, layout_loops_corners
D:2:      layout_basic, shapermc_ecumenical_altar_petra,
          nicolae_figureground_sparkle, uniq_crazy_yiuf_cottage
D:3:      layout_basic, nicolae_sif_muna_little_library,
          mainiacjoe_overflow_paths, serial_co_window_serial,
          co_window_of_opportunity_a, co_window_corner_a, co_window_paths_a,
          co_window_of_opportunity_a, co_window_of_opportunity_a,
          co_window_cross_3, co_window_unsneaky_path_c, co_window_corner_b,
          co_window_cross_4, co_window_unsneaky_path_c,
          co_window_of_opportunity_c, co_window_paths_d, glass_columns_a,
          glass_columns_a, glass_columns_a, glass_columns_c, glass_columns_b
D:4:      layout_layer_cave
D:5:      dreamdust_elfheim, layout_loops_cross, grunt_temple_overflow_open,
          mainiacjoe_overflow_brackets, gammafunk_temple_overflow_wave
D:6:      layout_layer_cave, nicolae_tso_besieged_by_evil,
          minmay_temple_entry_waves
D:7:      layout_loops_ring, kennysheep_mini, mainiacjoe_overflow_chevrons
D:8:      layout_gridville, mainiacjoe_overflow_small_starburst, uniq_joseph,
          uniq_maurice

Skill      XL: |  1  2  3  4  5  6  7  8 |
---------------+-------------------------+-----
Stealth        | 2 3 4 5 |  5.0
Dodging        | 2 3 4 |  4.9
Fighting       | 1 2 3 4 |  4.8
Ice Magic      | 4 5 |  5.9
Spellcasting   | 3 4 |  4.9
Conjurations   | 1 2 3 |  3.9

Action                   |  1- 3 |  4- 6 |  7- 9 || total
-------------------------+-------+-------+-------++-------
Melee: Unarmed           |     6 |       |       ||     6
       Short sword       |    91 |    97 |   263 ||   451
       Dagger            |     2 |       |       ||     2
       Punch             |     2 |     1 |     2 ||     5
       Tailslap          |       |       |    27 ||    27
Throw: Throwing net      |       |       |     2 ||     2
 Cast: Freeze            |    39 |     9 |    24 ||    72
       Frozen Ramparts   |     1 |    10 |    17 ||    28
       Ozocubu's Armour  |       |     4 |    12 ||    16
  Use: Potion            |       |     1 |     3 ||     4
       Scroll            |       |       |     4 ||     4
 Stab: Sleeping          |     4 |     3 |     5 ||    12
Armor: Robe              |    14 |       |       ||    14
       Leather armour    |    14 |    25 |    77 ||   116
Dodge: Dodged            |    90 |    49 |   214 ||   353
